 Dungeon Crawl Stone Soup version 0.30.0-29-ga12c61a403 (webtiles) character file.

Game seed: 10201663458424104802

1838 Josd the Sneak (level 9, -5/55 HPs)
             Began as an Octopode Transmuter on June 19, 2023.
             Was a Follower of Makhleb.
             Killed from afar by a steam dragon (19 damage)
             ... with a ball of steam
             ... on level 8 of the Dungeon on June 20, 2023.
             The game lasted 00:19:32 (5718 turns).

Josd the Sneak (Octopode Transmuter)                Turns: 5718, Time: 00:19:33

Health: -5/55      AC:  1    Str:  9    XL:     9   Next: 11%
Magic:  15/15      EV: 15    Int: 15    God:    Makhleb [*.....]
Gold:   377        SH:  0    Dex: 23    Spells: 16/17 levels left

rFire   . .          .
                       - Unarmed
rCold   + . .        (no shield)
rNeg    . . .        v - +0 hat
rPois   .            u - amulet of regeneration
rElec   .            l - ring of protection from cold
rCorr   .            b - +6 ring of dexterity
SInv    .            (no ring)
Will    .....        (no ring)
Stlth   +++++        (no ring)
HPRegen 1.09/turn    (no ring)
MPRegen 0.14/turn    (no ring)
                     (no ring)

%: no passive effects
@: no status effects
A: almost no armour, amphibious, 8 rings, camouflage 1, gelatinous body 1,
(nimble swimmer 1), tentacles
a: Renounce Religion


You were on level 8 of the Dungeon.
You worshipped Makhleb.
Makhleb was aware of your devotion.
You visited 1 branch of the dungeon, and saw 8 of its levels.

You collected 433 gold pieces.
You spent 56 gold pieces at shops.

Inventory:

Hand Weapons
 d - a +2 falchion of freezing
 D - a +0 dagger of venom
Missiles
 g - 6 datura-tipped darts (quivered)
 n - 3 boomerangs of dispersal
 o - a curare-tipped dart
 w - 9 poisoned darts
Armour
 v - a +0 hat (worn)
Jewellery
 b - a +6 ring of dexterity (right tentacle)
 c - an amulet of reflection
 l - a ring of protection from cold (left tentacle)
 p - an amulet of magic regeneration
 u - an amulet of regeneration (around mantle)
Wands
 r - a wand of paralysis (13)
 s - a wand of flame (25)
 A - a wand of polymorph (7)
Scrolls
 h - 2 scrolls of enchant armour
 i - 2 scrolls of noise
 k - 2 scrolls of teleportation
 t - a scroll of identify
Potions
 a - a potion of lignification
 e - 2 potions of attraction
 f - 6 potions of curing
 j - a potion of mutation {unknown}
 m - 3 potions of haste
 q - a potion of heal wounds
 B - a potion of flight {unknown}
 C - a potion of ambrosia {unknown}


   Skills:
 + Level 2.7 Fighting
 + Level 0.1 Throwing
 + Level 3.9 Dodging
 + Level 7.5 Stealth
 + Level 1.3 Shields
 + Level 7.5 Unarmed Combat
 + Level 4.6 Spellcasting
 + Level 3.9 Transmutations


You had 16 spell levels left.
You knew the following spells:

 Your Spells              Type           Power      Damage    Failure   Level
a - Beastly Appendage     Tmut           30%        N/A       3%          1

Your spell library contained the following spells:

 Spells                   Type           Power      Damage    Failure   Level
 Wereblood                Tmut           15%        N/A       5%          2
 Slow                     Hex            12%        N/A       17%         1
 Spider Form              Tmut/Pois      9%         N/A       22%         3
 Cigotuvi's Dreadful Rot  Necr/Pois/Air  6%         N/A       26%         2
 Confusing Touch          Hex            3%         N/A       45%         3
 Portal Projectile        Hex/Tloc       6%         N/A       45%         3
 Tukima's Dance           Hex            3%         N/A       45%         3
 Vampiric Draining        Necr           3%         2d6       45%         3
 Ice Form                 Ice/Tmut       9%         N/A       58%         4
 Blade Hands              Tmut           7%         N/A       67%         5
 Dispel Undead            Necr           3%         3d7       86%         4
 Death Channel            Necr           1%         N/A       100%        6


Dungeon Overview and Level Annotations

Branches:
Dungeon (8/15)             Temple (0/1) D:5
   Lair: D:8-11

Altars:
Cheibriados
Dithmenos
Fedhas
Makhleb
Okawaru
Trog
Uskayaw
Zin

Shops:
D:3 *   D:7 *


Innate Abilities, Weirdness & Mutations

You cannot wear most types of armour.
You are amphibious.
You can wear up to eight rings at the same time.
Your skin changes colour to match your surroundings (Stealth+).
Your rubbery body absorbs attacks. (AC +1, EV +1)
((You are camouflaged when in or above water. (Stealth+)))
You have tentacles for arms and can constrict up to eight enemies at once.


Message History

The jelly jiggles.
The steam dragon breathes steam at you. The ball of steam hits you!!
The wyvern is engulfed in a cloud of scalding steam.
The wyvern attacks as you move away! The wyvern bites you!
* * * LOW HITPOINT WARNING * * *
You are engulfed in a cloud of scalding steam.
* * * LOW HITPOINT WARNING * * *
The wyvern is engulfed in a cloud of scalding steam. x2
The wyvern barely misses you.
The wyvern is engulfed in a cloud of scalding steam.
The jelly is engulfed in a cloud of scalding steam.
The wyvern bites you.
* * * LOW HITPOINT WARNING * * *
You closely miss the wyvern. You squeeze the wyvern.
The wyvern is almost dead.
The jelly is engulfed in a cloud of scalding steam.
The wyvern barely misses you.
You feel much better. The wyvern bites you!!
* * * LOW HITPOINT WARNING * * *
The wyvern attacks as you move away! The wyvern barely misses you.
Found a stone staircase leading down.
The wyvern completely misses you.
You tentacle-slap the wyvern.
You squeeze the wyvern, but do no damage.
The wyvern is almost dead.
The wyvern barely misses you.
You tentacle-slap the wyvern but do no damage.
You squeeze the wyvern, but do no damage.
The wyvern is almost dead.
The wyvern closely misses you. The wyvern misses you.
You tentacle-slap the wyvern. Your squeeze misses the wyvern.
The wyvern is almost dead.
The wyvern bites you.
* * * LOW HITPOINT WARNING * * *
You tentacle-slap the wyvern.
You kill the wyvern!
Makhleb accepts your kill. The steam dragon breathes steam at you.
The ball of steam hits you!!
You die...

# ##.z.### #
###...###
###...##
#....(#
#....z##
#......####
#.....JD§.#
#.....###§##
####### #.@#
##.# #.# #>.
#.## #.# #..
#.#


There were no monsters in sight!

Vanquished Creatures
  Grinder (D:5)
  A wyvern (D:8)
  Edmund (D:5)
  2 water moccasins
  An ice beast (D:7)
  2 ogres
  2 kobold brigands (D:7)
  Blork the orc (D:6)
  A bullfrog (D:7)
  3 scorpions
  2 howler monkeys (D:6)
  A hound (D:4)
  3 iron imps (D:3)
  A gnoll bouda (D:6)
  Crazy Yiuf (D:5)
  Ijyb (D:3)
  9 gnolls
  9 adders
  A shadow imp (D:7)
  2 white imps
  An ufetubus (D:6)
  2 dart slugs
  9 orcs
  5 ball pythons
  5 endoplasms
  7 giant cockroaches
  6 goblins
  9 hobgoblins
  4 jackals (D:2)
  18 kobolds
  4 quokkas
  4 bats
  4 frilled lizards
  6 rats
129 creatures vanquished.

Notes
Turn   | Place    | Note
-------+----------+-------------------------------------------
     0 | D:1      | Josd the Octopode Transmuter began the quest for the Orb.
     0 | D:1      | Reached XP level 1. HP: 13/13 MP: 3/3
    12 | D:1      | You fall into a shaft and drop 1 floor!
    78 | D:2      | Reached XP level 2. HP: 13/18 MP: 5/5
   448 | D:1      | Reached XP level 3. HP: 23/23 MP: 4/6
   474 | D:1      | Reached skill level 1 in Stealth
  1032 | D:2      | Reached XP level 4. HP: 27/28 MP: 7/7
  1759 | D:4      | Noticed a scorpion
  1778 | D:3      | Reached XP level 5. HP: 28/33 MP: 8/8
  1978 | D:3      | Noticed Ijyb
  1981 | D:3      | Paralysed by Ijyb for 2 turns
  1994 | D:3      | Paralysed by Ijyb for 4 turns
  2001 | D:3      | Paralysed by Ijyb for 2 turns
  2014 | D:3      | Killed Ijyb
  2264 | D:3      | Found a faded altar of an unknown god.
  2296 | D:3      | Found Xegici Fesi's Assorted Antiques.
  2299 | D:3      | Bought a scroll labelled MASELO RURAMON for 28 gold pieces
  2299 | D:3      | Bought a scroll labelled UQOVAU OBENA for 28 gold pieces
  2415 | D:3      | Found a burning altar of Makhleb.
  2442 | D:3      | Reached XP level 6. HP: 14/38 MP: 10/10
  2590 | D:3      | Became a worshipper of Makhleb the Destroyer
  2632 | D:3      | Identified a scroll of acquirement
  2632 | D:3      | Acquired a +6 ring of dexterity
  2722 | D:4      | Found an iron altar of Okawaru.
  3248 | D:4      | Reached skill level 1 in Shields
  3507 | D:4      | Found a hide-covered altar of Uskayaw.
  3755 | D:5      | Entered Level 5 of the Dungeon
  3832 | D:5      | Reached skill level 5 in Unarmed Combat
  3832 | D:5      | Reached XP level 7. HP: 33/43 MP: 11/11
  3955 | D:5      | Noticed Grinder
  3966 | D:5      | Killed Grinder
  3967 | D:5      | Reached skill level 5 in Stealth
  4193 | D:5      | Noticed Edmund
  4228 | D:5      | Killed Edmund
  4250 | D:5      | Reached XP level 8. HP: 45/50 MP: 13/13
  4259 | D:5      | Found a staircase to the Ecumenical Temple.
  4312 | D:5      | Found a runed translucent door.
  4313 | D:5      | Noticed Crazy Yiuf
  4323 | D:5      | Killed Crazy Yiuf
  4796 | D:6      | Reached * piety under Makhleb
  4868 | D:6      | Found a blossoming altar of Fedhas.
  4871 | D:6      | Found a shadowy altar of Dithmenos.
  4871 | D:6      | Noticed Blork the orc
  4873 | D:6      | Found a bloodstained altar of Trog.
  4881 | D:6      | Killed Blork the orc
  4979 | D:7      | Found a glowing silver altar of Zin.
  5039 | D:7      | Found a snail-covered altar of Cheibriados.
  5156 | D:7      | Found Kaschono's Serpentskin Sales.
  5249 | D:7      | Identified the +2 pair of gloves "Puzaexef" {*Slow rPois
                  | rN+++ Dex-2}
  5269 | D:7      | Reached XP level 9. HP: 55/55 MP: 13/15
  5440 | D:7      | Identified the +0 leather armour of the Untouchables {rN++}
  5709 | D:8      | HP: 2/55 [wyvern (5)]
  5718 | D:8      | Killed from afar by a steam dragon

Illustrated notes

Levels and vault maps discovered:
D:1:      minmay_arrival_glassed_features, layout_basic
D:2:      layout_loops_ring, serial_rivers, chequers_serial_rivers_small_a,
          chequers_serial_rivers_micro_b, chequers_serial_rivers_micro_e,
          chequers_serial_rivers_marsh, chequers_serial_rivers_micro_b,
          chequers_serial_rivers_small_3, minmay_between
D:3:      layout_rooms, demons_altar, shapermc_ecumenical_altar_hornbeckon,
          serial_shops, nicolae_shop_behind_doors, uniq_ijyb
D:4:      layout_basic, kennysheep_mini_moat, okawaru_ov_weapons_minmay
D:5:      layout_basic, minmay_temple_entry_tees, uniq_grinder,
          uniq_crazy_yiuf_cottage, uniq_edmund
D:6:      layout_basic, grunt_temple_overflow_open,
          chequers_serial_rivers_marsh, uniq_blork_the_orc
D:7:      layout_rooms, overflow_temple_1_default, kennysheep_slug_shrine,
          guppyfry_shop_venom
D:8:      layout_basic

Skill      XL: |  1  2  3  4  5  6  7  8 |
---------------+-------------------------+-----
Stealth        | 2 3 4 5 7 |  7.5
Unarmed Combat | 4 5 7 |  7.5
Spellcasting   | 3 4 |  4.6
Shields        | 1 |  1.3
Transmutations | 3 |  3.9
Fighting       | 2 |  2.7
Dodging        | 3 |  3.9
Throwing       | |  0.1

Action                     |  1- 3 |  4- 6 |  7- 9 || total
---------------------------+-------+-------+-------++-------
  Melee: Unarmed           |    79 |   155 |   148 ||   382
         Constrict         |    20 |    41 |    30 ||    91
         Tentacles         |    14 |    33 |    50 ||    97
         Kick              |     6 |    27 |    33 ||    66
         Punch             |       |     3 |    11 ||    14
  Throw: Dart              |       |       |     2 ||     2
   Cast: Beastly Appendage |     6 |    16 |    14 ||    36
    Use: Scroll            |       |    10 |     7 ||    17
         Potion            |       |     1 |     2 ||     3
   Stab: Sleeping          |    11 |    13 |     6 ||    30
 Armour: Skin              |     5 |     5 |     2 ||    12
  Dodge: Dodged            |    31 |    63 |    89 ||   183
  Block: Other             |     9 |    18 |       ||    27
